 Dungeon Crawl Stone Soup version 0.25-a0-489-g9ae84a01e3 (webtiles) character file.

Game seed: 7017129334251400777, levelgen mode: deterministic

665 Notrik the Skirmisher (level 7, -3/66 HPs)
             Began as a Hill Orc Fighter on Feb 11, 2020.
             Was an Initiate of Trog.
             Slain by an ogre
             ... wielding a +0 giant club
              (15 damage)
             ... on level 5 of the Dungeon.
             The game lasted 00:04:02 (2893 turns).

Notrik the Skirmisher (Hill Orc Fighter)            Turns: 2893, Time: 00:04:02

Health: -3/66      AC: 12    Str: 21    XL:     7   Next: 57%
Magic:  7/7        EV:  7    Int:  8    God:    Trog [......]
Gold:   210        SH: 10    Dex: 10    Spells: 6/6 levels left

rFire    . . .     SeeInvis .   a - +0 war axe
rCold    . . .     Gourm    .   c - +0 kite shield
rNeg     . . .     Faith    .   b - +0 scale mail
rPois    .         Spirit   .   (no helmet)
rElec    .         Reflect  .   w - +1 cloak {+Inv}
rCorr    .         Harm     .   k - +0 pair of gloves
MR       .....                  i - +0 pair of boots
Stlth    ..........             (no amulet)
HPRegen  0.21/turn              (no ring)
MPRegen  0.10/turn              (no ring)

@: no status effects
A: no striking features
a: Renounce Religion, Evoke Invisibility


You were on level 5 of the Dungeon.
You worshipped Trog.
Trog was noncommittal.
You were not hungry.

You visited 1 branch of the dungeon, and saw 5 of its levels.

You collected 210 gold pieces.

Inventory:

Hand Weapons
 a - a +0 war axe (weapon)
Armour
 b - a +0 scale mail (worn)
 c - a +0 kite shield (worn)
 i - a +0 pair of boots (worn)
   (You found it on level 1 of the Dungeon)
 k - a +0 pair of gloves (worn)
   (You found it on level 1 of the Dungeon)
 w - a +1 cloak of invisibility (worn)
   (You took it off Crazy Yiuf on level 3 of the Dungeon)
Jewellery
 r - an uncursed ring of protection from fire {unknown}
   (You found it on level 2 of the Dungeon)
 y - an uncursed ring of wizardry {unknown}
   (You found it on level 4 of the Dungeon)
Scrolls
 g - a scroll of fog {unknown}
 h - a scroll of remove curse {unknown}
 j - 2 scrolls of enchant weapon {unknown}
 o - 3 scrolls of identify {unknown}
 p - a scroll of enchant armour {unknown}
 s - 2 scrolls of teleportation {unknown}
 t - 2 scrolls of amnesia {unknown}
Potions
 d - a potion of might
 f - 3 potions of haste {unknown}
 l - 2 potions of heal wounds {unknown}
 m - a potion of flight {unknown}
 n - 2 potions of curing {unknown}
 q - a potion of agility {unknown}
 u - a potion of invisibility {unknown}
 v - 2 potions of ambrosia {unknown}
 x - a potion of berserk rage {unknown}
Comestibles
 e - 10 rations {!d}
 z - 7 chunks of flesh


   Skills:
 * Level 7.1 Fighting
 + Level 5.4 Axes
 + Level 5.0 Armour
 + Level 5.0 Shields


You had 6 spell levels left.
You didn't know any spells.
Your spell library contained the following spells:

 Spells                   Type           Power        Failure   Level  Hunger
 Beastly Appendage        Tmut           #.....       99%         1    ##.....
 Sticks to Snakes         Tmut           #.......     99%         2    ###....
 Spider Form              Tmut/Pois      #.........   100%        3    ####...
 Ice Form                 Ice/Tmut       #.......     100%        4    #####..
 Blade Hands              Tmut           #.........   100%        5    ######.


Dungeon Overview and Level Annotations

Branches:
Dungeon (5/15)
 Temple: D:4-7

Altars:
Sif Muna
Trog
Uskayaw
Zin

Shops:
D:4 %

Annotations:
D:2 2 transporters


Message History

No target in view!
No target in view!
No target in view!
No target in view!
No target in view!
No target in view!
No target in view!
No target in view!
No target in view!
No target in view!
No target in view!
You butcher the jackal corpse.
z - 4 chunks of flesh (gained 1)
You see here a jackal skeleton. x2
You butcher the jackal corpse.
z - 7 chunks of flesh (gained 3)
You see here a jackal skeleton. x2
Found a stone staircase leading up.
There is a stone staircase leading up here.
You open the door.
There is an open door here.
Found 9 gold pieces.
Found 22 stones.
You now have 210 gold pieces (gained 9).
An ogre comes into view. It is wielding a +0 giant club.
An ogre is nearby!
An ogre is nearby!
A wyvern comes into view.
The wyvern hisses angrily.
The ogre shouts!
The wyvern hisses menacingly.
You hit the wyvern. The wyvern bites you! You block the wyvern's attack.
You hit the wyvern but do no damage. The wyvern barely misses you.
You block the wyvern's attack.
Your shield and scale mail prevent you from hitting the wyvern.
You barely miss the ogre. You block the wyvern's attack.
The wyvern barely misses you. The ogre hits you with a +0 giant club.
Your shield and scale mail prevent you from hitting the wyvern.
You slash the ogre! You block the wyvern's attack. The wyvern bites you!
The ogre closely misses you.
You slash the ogre! You hit the wyvern but do no damage. The wyvern bites you!
* * * LOW HITPOINT WARNING * * *
The wyvern closely misses you. You block the ogre's attack.
You hit the ogre but do no damage. You closely miss the wyvern.
You block the wyvern's attack. The wyvern bites you!
* * * LOW HITPOINT WARNING * * *
The ogre barely misses you.
You hit the ogre. You hit the wyvern. The wyvern bites you.
* * * LOW HITPOINT WARNING * * *
The ogre hits you with a +0 giant club!
You die...

#.........#...
#....###.###..##...
#......#.####+##...
#......#...........
#......#...[.......
#......#...........
#######......#...........
........l....#..###.##..#
.......O@...##..###.##..#
............#...........#
......(.....#....รทรท.....#
'##.........+............
###'#.....###..###..#..
...#.......#..######## ##.
#.......#....#...# #.
#.......#....#...# #
#.......#..<.#...#


You could see a wyvern and an ogre.

Vanquished Creatures
  Grinder (D:3)
  A crimson imp (D:5)
  A hound (D:4)
  Crazy Yiuf (D:3)
  An orc priest (D:4)
  2 orc wizards (D:4)
  2 iguanas (D:4)
  Terence (D:3)
  3 worker ants
  3 adders
  A howler monkey skeleton (D:4)
  2 oozes (D:1)
  4 worms
  3 dart slugs
  2 leopard geckos (D:1)
  11 orcs
  5 bats
  A giant cockroach (D:2)
  9 goblins
  7 hobgoblins
  2 jackals (D:5)
  5 kobolds
  2 ball pythons
  A jackal skeleton (D:4)
  5 rats
  3 fungi (D:3)
79 creatures vanquished.

Notes
Turn   | Place    | Note
-------+----------+-------------------------------------------
     0 | D:1      | Notrik the Hill Orc Fighter began the quest for the Orb.
     0 | D:1      | Reached XP level 1. HP: 19/19 MP: 1/1
    29 | D:1      | Reached XP level 2. HP: 15/27 MP: 2/2
   172 | D:1      | Reached skill level 4 in Fighting
   305 | D:1      | Reached XP level 3. HP: 32/33 MP: 3/3
   716 | D:2      | Reached XP level 4. HP: 36/41 MP: 4/4
   729 | D:2      | Found a glowing silver altar of Zin.
   783 | D:2      | Found a shimmering blue altar of Sif Muna.
   786 | D:2      | Noticed an ice beast
   796 | D:2      | Noticed an ogre
   798 | D:2      | Found a transporter.
   824 | D:2      | Found a transporter.
   998 | D:2      | Found a hide-covered altar of Uskayaw.
  1226 | D:3      | Noticed Terence
  1234 | D:3      | Killed Terence
  1234 | D:3      | Reached skill level 5 in Fighting
  1234 | D:3      | Reached XP level 5. HP: 48/48 MP: 5/5
  1316 | D:3      | Noticed Grinder
  1331 | D:3      | Killed Grinder
  1331 | D:3      | Reached skill level 6 in Fighting
  1331 | D:3      | Reached XP level 6. HP: 32/57 MP: 6/6
  1862 | D:3      | Found a runed translucent door.
  1863 | D:3      | Noticed Crazy Yiuf
  1869 | D:3      | Killed Crazy Yiuf
  1936 | D:4      | Reached XP level 7. HP: 44/64 MP: 7/7
  2064 | D:4      | Reached skill level 5 in Axes
  2461 | D:4      | Found Jitaidiq's Food Emporium.
  2716 | D:4      | Found a bloodstained altar of Trog.
  2724 | D:4      | Became a worshipper of Trog the Wrathful
  2764 | D:5      | Entered Level 5 of the Dungeon
  2805 | D:5      | Reached skill level 7 in Fighting
  2805 | D:5      | Reached skill level 5 in Armour
  2805 | D:5      | Reached skill level 5 in Shields
  2884 | D:5      | Noticed a wyvern
  2893 | D:5      | Slain by an ogre

Levels and vault maps discovered:
D:1:      dpeg_arrival_water_temple_mockup, layout_basic
D:2:      layout_loops_ring, zin_statuary, gammafunk_temple_overflow_arena,
          eat_drink_and_be_merry_uskayaw, first_ration, minmay_small_reverse_x
D:3:      layout_rooms, uniq_terence, uniq_grinder, uniq_crazy_yiuf_cottage
D:4:      layout_rooms, lightli_temple_of_fire, serial_shops,
          nicolae_shop_behind_doors, corexii_hall_statues_l,
          kennysheep_generic_room_13
D:5:      layout_gridville, fedhas_altar_1, minmay_small_thing

Skill      XL: |  1  2  3  4  5  6  7 |
---------------+----------------------+-----
Fighting       | 4 5 6 7 |  7.1
Axes           | 3 4 5 |  5.4
Armour         | 4 5 |  5.0
Shields        | 4 5 |  5.0

Action                   |  1- 3 |  4- 6 |  7- 9 || total
-------------------------+-------+-------+-------++-------
Melee: War axe           |    91 |   114 |    95 ||   300
  Eat: Chunk             |       |     4 |     3 ||     7
Armor: Scale mail        |    58 |    41 |    43 ||   142
Dodge: Dodged            |    21 |    24 |    32 ||    77
Block: Kite shield       |    51 |    38 |    57 ||   146

Table legend:
 A = Non-vault XP
 B = Vault XP
 C = Vault XP percentage of total XP
 D = Non-vault monster count
 E = Vault monster count
 F = Vault count percentage of total count
                 A         B        C        D         E       F
            +---------+---------+-------+---------+---------+-------
      Total |     557 |     393 |  41.4 |      68 |       8 |  10.5
            +---------+---------+-------+---------+---------+-------
        D:1 |      52 |       0 |   0.0 |      20 |       0 |   0.0
        D:2 |      74 |      17 |  18.7 |      14 |       4 |  22.2
        D:3 |      30 |     363 |  92.4 |       9 |       3 |  25.0
        D:4 |     271 |      13 |   4.6 |      18 |       1 |   5.3
        D:5 |     130 |       0 |   0.0 |       7 |       0 |   0.0
            +---------+---------+-------+---------+---------+-------
